 Dungeon Crawl Stone Soup version 0.32-a0-468-g38b2580584 (webtiles) character file.

Game seed: 18004899912295011717

1110 Angani the Slasher (level 8, -5/64 HPs)
             Began as a Coglin Chaos Knight on Feb 24, 2024.
             Was a Plaything of Xom.
             Slain by an orc warrior
             ... wielding a +0 halberd
              (9 damage)
             ... on level 6 of the Dungeon.
             The game lasted 00:09:03 (4799 turns).

Angani the Slasher (Coglin Chaos Knight)            Turns: 4799, Time: 00:09:03

Health: -5/64      AC: 11    Str: 13    XL:     8   Next: 33%
Magic:  8/8        EV:  7    Int: 17    God:    Xom [....*.]
Gold:   270        SH:  0    Dex: 12    Spells: 7/7 levels left

rFire   . . .        v - +0 falchion {Bianca}
rCold   . . .        l - +0 long sword {Ntombi}
rNeg    . . .        p - +0 chain mail
rPois   .            (helmet restricted)
rElec   +            (no cloak)
rCorr   .            (no gloves)
SInv    .            (no boots)
Will    +....        (no amulet) Stlth
                     (ring unavailable)
HPRegen 0.30/turn    (ring unavailable)
MPRegen 0.11/turn

%: no passive effects
@: revved
A: off-hand wielding, slow wielding, warmup strikes, no rings, horns 1,
iridescent scales 1, clever 1, strong-willed 1, sense surroundings 1,
electricity resistance, evolution 1
a: Renounce Religion


You were on level 6 of the Dungeon.
You worshipped Xom.
You were a beloved toy of Xom.
You visited 1 branch of the dungeon, and saw 6 of its levels.

You collected 270 gold pieces.

Inventory:

Hand Weapons
 l - a +0 long sword (offhand) {Ntombi}
 v - a +0 falchion (weapon) {Bianca}
Armour
 h - a +0 helmet
 p - a +0 chain mail (worn)
Scrolls
 c - a scroll of butterflies
 d - a scroll of immolation
 e - a scroll of silence {unknown}
 g - a scroll of poison {unknown}
 j - 3 scrolls of teleportation {unknown}
 k - 2 scrolls of amnesia
 n - a scroll of enchant armour {unknown}
 r - a scroll of revelation {unknown}
 s - a scroll of enchant weapon {unknown}
Potions
 b - a potion of magic
 f - a potion of lignification
 i - 3 potions of attraction {unknown}
 m - a potion of resistance {unknown}
 o - a potion of haste {unknown}
 q - 2 potions of curing {unknown}
 t - a potion of mutation {unknown}
 u - a potion of enlightenment {unknown}


   Skills:
 - Level 6.1 Fighting
 - Level 6.1 Long Blades
 + Level 4.1 Armour
 + Level 3.7 Dodging


You had 7 spell levels left.
You didn't know any spells.
Your spell library contained the following spells:

 Spells                   Type           Power      Damage    Failure   Level
 Necrotise                Necr           0%         1d4       99%         1
 Stone Arrow              Conj/Erth      0%         3d7       100%        3
 Vampiric Draining        Necr           0%         2d6       100%        3
 Animate Armour           Summ/Erth      0%         N/A       100%        4
 Martyr's Knell           Necr/Summ      0%         N/A       100%        4
 Curse of Agony           Necr           0%         N/A       100%        5
 Lehudib's Crystal Spear  Conj/Erth      0%         10d2      100%        8


Dungeon Overview and Level Annotations

Branches:
Dungeon (6/15)
 Temple: D:4-7

Altars:
Hepliaklqana
Kikubaaqudgha
Nemelex Xobeh
Qazlal
Wu Jian
The Shining One


Innate Abilities, Weirdness & Mutations

You can wield a second weapon in your off-hand.
It takes a long time for you to wield or remove held weapons.
Your first few attacks do less damage.
Your grasper-arms cannot wear rings.
You have a pair of small horns on your head.
You are partially covered in iridescent scales. (AC +2)
Your mind is acute. (Int +4, Str/Dex -1)
You are strong-willed. (Will+)
You passively map a small area around you.
You are resistant to electric shocks. (rElec)
You have hidden genetic potential.


Message History

You kill the orc!
The orc warrior throws a boomerang.
The boomerang hits you.
An orc comes into view. It is wielding a +0 club.
The orc warrior throws a boomerang.
The boomerang closely misses you. "This might be better!"
The orc suddenly stops moving!
The orc warrior hits you with a +0 halberd!
You hit the orc warrior but do no damage. x2
The orc warrior hits you with a +0 halberd!
You closely miss the orc warrior with your +0 long sword.
You headbutt the orc warrior, but do no damage.
You hit the orc warrior with your +0 falchion.
The orc warrior barely misses you.
You slash the orc warrior with your +0 long sword!
The orc warrior is moderately wounded.
You hit the orc warrior but do no damage. "Forecast: mostly cloudy."
The orc warrior hits you with a +0 halberd.
You barely miss the orc warrior with your +0 long sword.
Your headbutt misses the orc warrior.
The orc warrior is moderately wounded.
You hit the orc warrior but do no damage.
The orc warrior hits you with a +0 halberd!
You emit a cloud of colourful smoke!
You hit the orc warrior with your +0 long sword.
The orc warrior is heavily wounded.
You barely miss the orc warrior with your +0 falchion.
The orc warrior hits you with a +0 halberd.
* * * LOW HITPOINT WARNING * * *
You slash the orc warrior with your +0 long sword!
The orc warrior is severely wounded.
You hit the orc warrior with your +0 falchion.
The orc warrior hits you with a +0 halberd!
* * * LOW HITPOINT WARNING * * *
You hit the orc warrior but do no damage.
Your headbutt misses the orc warrior.
The orc warrior is severely wounded.
You closely miss the orc warrior with your +0 falchion.
The orc warrior hits you with a +0 halberd!
You die...

** * #. #., , *
,*##.####.### ,
............# * *
#.............# * o
..####......<.# ##..
..............#
########.....
######........####........#
* * #†.....÷.§§##§.....##...
###........#§@o.........#
####..........§§§#§..[..####
...............§§§........[.
........####....####o.######
........# ...#### ##.# *
############## .... * * ****
**,..... , , , ...... * ,,
** .....


You could see an orc warrior.

Vanquished Creatures
  Eustachio (D:4)
  A water moccasin (D:6)
  An ogre (D:4)
  A gnoll sergeant (D:5)
  2 scorpions
  3 bombardier beetles
  2 hounds
  A sleepcap (D:4)
  4 iguanas
  3 orc wizards
  3 gnolls (D:5)
  12 adders
  2 ufetubi (D:5)
  2 dart slugs
  2 ribbon worms (D:4)
  11 orcs
  7 ball pythons
  3 bats
  2 endoplasms
  4 giant cockroaches
  6 goblins
  6 hobgoblins
  8 jackals
  5 kobolds
  4 quokkas
  2 frilled lizards
  6 rats
104 creatures vanquished.

Notes
Turn   | Place    | Note
-------+----------+-------------------------------------------
     0 | D:1      | Angani the Coglin Chaos Knight began the quest for the Orb.
     0 | D:1      | Reached XP level 1. HP: 18/18 MP: 1/1
    47 | D:1      | XOM: divination: detect items
   152 | D:1      | XOM: silly message
   344 | D:1      | Reached XP level 2. HP: 20/24 MP: 2/2
   773 | D:2      | XOM: noise
   805 | D:2      | Reached XP level 3. HP: 29/29 MP: 3/3
  1273 | D:2      | XOM: polymorph endoplasm -> giant cockroach
  1459 | D:2      | XOM is BORED!
  1459 | D:2      | XOM: give mutations
  1459 | D:2      | Gained mutation: You are weak. (Str -2) [Xom's mischief]
  1459 | D:2      | Lost mutation: You are weak. (Str -2) [Xom's mischief]
  1524 | D:3      | Found a faded altar of an unknown god.
  1611 | D:3      | Found an ancient bone altar of Kikubaaqudgha.
  1625 | D:3      | Reached XP level 4. HP: 37/37 MP: 4/4
  1732 | D:3      | XOM: 2-stop teleportation journey
  1822 | D:3      | XOM: give mutations
  1822 | D:3      | Gained mutation: You have hidden genetic potential. [Xom's
                  | grace]
  1822 | D:3      | Gained mutation: You are resistant to electric shocks.
                  | (rElec) [Xom's grace]
  1822 | D:3      | Gained mutation: You are strong-willed. (Will+) [Xom's
                  | grace]
  1915 | D:3      | Found a hazy altar of Hepliaklqana.
  1938 | D:3      | XOM: scenery: 2 doors open
  2010 | D:3      | Reached XP level 5. HP: 43/43 MP: 5/5
  2149 | D:3      | Gained mutation: You have a pair of small horns on your
                  | head. [hidden potential]
  2235 | D:3      | XOM: give mutation
  2235 | D:3      | Gained mutation: You passively map a small area around you.
                  | [Xom's mischief]
  2256 | D:4      | Noticed Eustachio
  2262 | D:4      | XOM: smoke on damage
  2268 | D:4      | Killed Eustachio
  2269 | D:4      | Reached skill level 5 in Fighting
  2269 | D:4      | Reached skill level 5 in Long Blades
  2269 | D:4      | Reached XP level 6. HP: 30/51 MP: 6/6
  2285 | D:4      | Gained mutation: You are partially covered in iridescent
                  | scales. (AC +2) [hidden potential]
  2285 | D:4      | Lost mutation: You have hidden genetic potential. [hidden
                  | potential expressed]
  2723 | D:4      | XOM: summons 6 friendly demons
  2851 | D:4      | Reached XP level 7. HP: 15/57 MP: 7/7
  2893 | D:4      | XOM: cloud trail
  3360 | D:4      | Reached skill level 1 in Dodging
  3519 | D:5      | Entered Level 5 of the Dungeon
  3586 | D:5      | XOM: blink monster(s)
  3927 | D:5      | XOM: noise
  3947 | D:5      | Reached XP level 8. HP: 50/64 MP: 8/8
  3953 | D:5      | XOM: 8-stop teleportation journey
  3990 | D:5      | XOM: give mutations
  3990 | D:5      | Gained mutation: Your mind is acute. (Int +4, Str/Dex -1)
                  | [Xom's mischief]
  3990 | D:5      | Gained mutation: You have supernaturally acute eyesight.
                  | (SInv) [Xom's mischief]
  3990 | D:5      | Gained mutation: You have hidden genetic potential. [Xom's
                  | mischief]
  3990 | D:5      | Lost mutation: You have supernaturally acute eyesight.
                  | (SInv) [Xom's mischief]
  4354 | D:5      | Found a sparkling altar of Nemelex Xobeh.
  4357 | D:5      | Found a glowing golden altar of the Shining One.
  4425 | D:5      | Found a stormy altar of Qazlal.
  4649 | D:6      | XOM: swap monsters
  4751 | D:6      | Found an ornate altar of the Wu Jian Council.
  4792 | D:6      | XOM: enchant monster (good)
  4795 | D:6      | XOM: fog
  4796 | D:6      | XOM: smoke on damage
  4799 | D:6      | Slain by an orc warrior

Illustrated notes

Levels and vault maps discovered:
D:1:      scummos_arrival_forest, layout_basic, kennysheep_decorative_pillar,
          minmay_misc_feat_alley
D:2:      layout_loops_ring, minmay_between
D:3:      layout_basic, mainiacjoe_overflow_surrounded_room,
          mainiacjoe_overflow_paths, shapermc_ecumenical_altar_starsandcircs
D:4:      layout_gridville, uniq_eustachio
D:5:      layout_loops_ring, mainiacjoe_overflow_alcove_4, jmf_multi_god_temple2
D:6:      layout_rooms, mainiacjoe_overflow_catwalk, minmay_temple_entry_fiery

Skill      XL: |  1  2  3  4  5  6  7  8 |
---------------+-------------------------+-----
Fighting       | 4 5 6 |  6.1
Long Blades    | 4 5 6 |  6.1
Dodging        | 2 3 |  3.7
Armour         | 3 4 |  4.1

Action                     |  1- 3 |  4- 6 |  7- 9 || total
---------------------------+-------+-------+-------++-------
  Melee: Falchion          |    79 |    54 |   105 ||   238
         Long sword        |    37 |    53 |   113 ||   203
         Headbutt          |       |     7 |    18 ||    25
    Use: Scroll            |     5 |       |     2 ||     7
         Potion            |       |     2 |       ||     2
   Stab: Confused          |       |     2 |       ||     2
 Armour: Scale mail        |    55 |       |       ||    55
         Leather armour    |     1 |       |       ||     1
         Chain mail        |    14 |    63 |   145 ||   222
         Skin              |       |     2 |       ||     2
  Dodge: Dodged            |    31 |    28 |    48 ||   107

Table legend: (Time is in decaauts)
 A = Elapsed time spent in this place.
 B = Non-inter-level travel time spent in this place.
 C = Inter-level travel time spent in this place.
 D = Time resting spent in this place.
 E = Time spent auto-exploring this place.
 F = Levels seen in this place.
 G = Mean time per level.
                   A        B        C        D        E       F      G
               +--------+--------+--------+--------+--------+-----+--------+
         Total |   4815 |   4670 |    145 |    979 |   2935 |   6 |  802.5 |
       Dungeon |   4815 |   4670 |    145 |    979 |   2935 |   6 |  802.5 |
               +--------+--------+--------+--------+--------+-----+--------+

Top non-repeatable levels by time:
     D:4: 1271 daAuts
     D:5: 1050 daAuts
     D:1: 778 daAuts
     D:3: 759 daAuts
     D:2: 725 daAuts
     D:6: 230 daAuts
